 Dungeon Crawl Stone Soup version 0.27.1-1-g398f81649c (webtiles) character file.

Game seed: 13460162985328765428

50494 ABBCCCDDDD the Geomancer (level 14, -19/96 (99) HPs)
             Began as an Octopode Necromancer on Sept 8, 2021.
             Was a High Priest of Sif Muna.
             Killed from afar by Jorgrun (58 damage)
             ... with an iron shot
             ... on level 1 of the Orcish Mines.
             The game lasted 01:04:43 (27813 turns).

ABBCCCDDDD the Geomancer (Octopode Necromancer)    Turns: 27813, Time: 01:04:44

HP:   -19/96 (99)   AC:  1    Str:  8    XL:     14   Next: 55%
MP:   12/35         EV: 14    Int: 22    God:    Sif Muna [*****.]
Gold: 2384          SH:  5    Dex: 12    Spells: 14/29 levels left

rFire    + . .     SeeInvis .   j - +5 dagger (elec)
rCold    . . .     Faith    .   A - +0 buckler of Fuiwk {Drain MP+9 Slay+4}
rNeg     . . .     Spirit   .   (helmet restricted)
rPois    .         Reflect  .   E - amulet of regeneration
rElec    .         Harm     .   K - +4 ring of slaying
rCorr    .         Rampage  .   O - +4 ring of slaying
Will     +....                  P - ring of protection from fire
Stlth    +++++.....             U - +4 ring of evasion
HPRegen  1.26/turn              (no ring)
MPRegen  0.24/turn              (no ring)
                                (no ring)
                                (no ring)

@: grasped by roots, constricted, lightly drained
A: almost no armour, amphibious, 8 rings, camouflage 1, gelatinous body 1,
(nimble swimmer 1), tentacles
a: Renounce Religion, Channel Magic, Forget Spell, Divine Exegesis


You were on level 1 of the Orcish Mines.
You worshipped Sif Muna.
Sif Muna was extremely pleased with you.
You visited 3 branches of the dungeon, and saw 19 of its levels.
You also visited: Sewer.

You collected 2384 gold pieces.

Inventory:

Hand Weapons
 a - a +0 hunting sling
 i - a +0 spear
 j - a +5 dagger of electrocution (weapon)
Missiles
 b - 689 stones
 m - 63 poisoned darts (quivered)
 y - 3 javelins
 G - 2 throwing nets
 J - 10 silver boomerangs
Armour
 d - a +0 kite shield of resistance
 A - the +0 buckler of Fuiwk (worn) {Drain MP+9 Slay+4}
   (You found it on level 5 of the Dungeon)

   Slay:      It affects your accuracy & damage with ranged weapons and melee
   (+4).
   MP:        It affects your magic capacity (+9).
   Drain:     It drains your maximum health when unequipped.
Magical Staves
 f - a staff of poison
Jewellery
 p - an amulet of reflection
 E - an amulet of regeneration (around mantle)
 K - a +4 ring of slaying (left tentacle)
 O - a +4 ring of slaying (right tentacle)
 P - a ring of protection from fire (on tentacle)
 R - a ring of fire
 U - a +4 ring of evasion (on tentacle)
Wands
 v - a wand of digging (5)
 z - a wand of polymorph (12)
 D - a wand of mindburst (23)
 F - a wand of flame (34)
 H - a wand of acid (17)
 Q - a wand of iceblast (33)
 S - a wand of paralysis (19)
 T - a wand of charming (11)
Scrolls
 c - 2 scrolls of silence
 l - 3 scrolls of teleportation
 n - 4 scrolls of fear
 o - 2 scrolls of vulnerability {unknown}
 r - 3 scrolls of immolation
 s - a scroll of magic mapping
 u - a scroll of enchant armour
 x - a scroll of holy word
 L - a scroll of fog
 M - 2 scrolls of torment
Potions
 e - 4 potions of might
 g - 3 potions of haste {unknown}
 h - 8 potions of flight
 k - 4 potions of brilliance {unknown}
 q - 4 potions of lignification {unknown}
 t - 5 potions of heal wounds
 w - a potion of magic {unknown}
 B - 9 potions of curing
 C - 2 potions of mutation
 I - a potion of attraction {unknown}
 N - 3 potions of cancellation {unknown}


   Skills:
 - Level 10.0 Fighting
 - Level 4.0 Short Blades
 - Level 2.0 Dodging
 - Level 8.0 Stealth
 + Level 7.0 Shields
 - Level 2.2 Unarmed Combat
 - Level 8.0 Spellcasting
 - Level 11.0 Conjurations
 - Level 4.0 Necromancy
 - Level 6.0 Fire Magic
 + Level 13.5 Earth Magic
 - Level 5.0 Evocations


You had 14 spell levels left.
You knew the following spells:

 Your Spells              Type           Power      Damage    Failure   Level
a - Pain                  Necr           100%       1d9       1%          1
b - Stone Arrow           Conj/Erth      100%       3d13      1%          3
c - Bolt of Magma         Conj/Fire/Erth 26%        4d12      3%          5
d - Iron Shot             Conj/Erth      29%        9d6       8%          6

Your spell library contained the following spells:

 Spells                   Type           Power      Damage    Failure   Level
 Animate Skeleton         Necr           52%        N/A       1%          1
 Shock                    Conj/Air       100%       1d9       1%          1
 Searing Ray              Conj           100%       3d7       1%          2
 Static Discharge         Conj/Air       33%        N/A       1%          2
 Sticky Flame             Conj/Fire      46%        2d6       2%          4
 Vampiric Draining        Necr           13%        2d7       4%          3
 Leda's Liquefaction      Hex/Erth       19%        N/A       4%          4
 Beastly Appendage        Tmut           16%        N/A       8%          1
 Corona                   Hex            8%         N/A       8%          1
 Freeze                   Ice            32%        1d5       8%          1
 Fulminant Prism          Conj/Hex       16%        3d11      8%          4
 Hailstorm                Conj/Ice       33%        3d8       8%          4
 Wereblood                Tmut           8%         N/A       11%         2
 Animate Dead             Necr           13%        N/A       14%         4
 Dispel Undead            Necr           26%        3d13      14%         4
 Frozen Ramparts          Ice            16%        1d3       22%         3
 Spider Form              Tmut/Pois      4%         N/A       22%         3
 Lightning Bolt           Conj/Air       16%        1d30      22%         5
 Agony                    Necr           26%        N/A       36%         5
 Airstrike                Air            4%         N/A       58%         4
 Ice Form                 Ice/Tmut       8%         N/A       58%         4
 Summon Lightning Spire   Summ/Air       8%         N/A       58%         4
 Lehudib's Crystal Spear  Conj/Erth      29%        10d8      97%         8
 Invisibility             Hex            4%         N/A       100%        6
 Ozocubu's Refrigeration  Ice            4%         4d5       100%        7
 Maxwell's Capacitive Co  Air            4%         ∞         100%        8
 Chain Lightning          Conj/Air       16%        3d22      100%        9
 Fire Storm               Conj/Fire      23%        8d6       100%        9
 Shatter                  Erth           31%        3d25*     100%        9
 Animate Armour           Summ/Erth      Unusable   N/A       N/A         4

Dungeon Overview and Level Annotations

Branches:
Dungeon (12/15)            Temple (0/1) D:5            Lair (6/6) D:9
 Shoals (0/4) Lair:4        Snake (0/4) Lair:4        Slime (0/5) Lair:5
    Orc (1/2) D:12          Sewer (visited)

Altars:
Dithmenos
Elyvilon
Fedhas
Hepliaklqana
Nemelex Xobeh
Qazlal
Sif Muna
Trog
Uskayaw
Vehumet
Yredelemnul
Zin
Beogh
Jiyva

Shops:
D:5 *   Orc:1 =

Annotations:
D:3 3 runed translucent doors, sobakacece's ghost, weakling MiFi
D:7 exclusion: statue
D:8 exclusion: steam dragon
D:9 exclusion: downstairs
D:12 exclusion: troll
Lair:1 exclusion: 2 oklob plants
Lair:4 Nessos
Orc:1 Jorgrun


Innate Abilities, Weirdness & Mutations

You cannot wear most types of armour.
You are amphibious.
You can wear up to eight rings at the same time.
Your skin changes colour to match your surroundings (Stealth+).
Your rubbery body absorbs attacks. (AC +1, EV +1)
((You are camouflaged near water. (Stealth+)))
You have tentacles for arms and can constrict up to eight enemies at once.


Message History

You climb downwards.
Welcome back to the Orcish Mines!
Level annotation: Jorgrun
There is a staircase back to the Dungeon here.
Casting: Bolt of Magma (dangerous; 3% risk of failure)
Confirm with . or Enter, or press ? or * to list all spells.
Aiming: Iron Shot (dangerous; 8% risk of failure)
Press: ? - help, Shift-Dir - straight line, f - Jorgrun
Aim: Jorgrun, wielding a +0 vorpal quarterstaff and wearing a +0 robe (53% to hit)
The iron shot hits Jorgrun!!
Jorgrun is moderately wounded.
Casting: Iron Shot (dangerous; 8% risk of failure)
Confirm with . or Enter, or press ? or * to list all spells.
Aiming: Iron Shot (dangerous; 8% risk of failure)
Press: ? - help, Shift-Dir - straight line, f/p - Jorgrun
Aim: Jorgrun, wielding a +0 vorpal quarterstaff and wearing a +0 robe (moderately wounded, 53% to hit)
The iron shot hits Jorgrun!!!
Jorgrun is heavily wounded.
Jorgrun casts a spell at you.
Roots burst forth from the earth!
The grasping roots grab you! The grasping roots constrict you.
Casting: Iron Shot (dangerous; 8% risk of failure)
Confirm with . or Enter, or press ? or * to list all spells.
Aiming: Iron Shot (dangerous; 8% risk of failure)
Press: ? - help, Shift-Dir - straight line, f/p - Jorgrun
Aim: Jorgrun, wielding a +0 vorpal quarterstaff and wearing a +0 robe (heavily wounded, 53% to hit)
The iron shot hits Jorgrun!!
Jorgrun is severely wounded.
Jorgrun points at you and mumbles some strange words.
The iron shot hits you!!! The grasping roots constrict you!
Casting: Iron Shot (dangerous; 8% risk of failure)
Confirm with . or Enter, or press ? or * to list all spells.
Aiming: Iron Shot (dangerous; 8% risk of failure)
Press: ? - help, Shift-Dir - straight line, f/p - Jorgrun
Aim: Jorgrun, wielding a +0 vorpal quarterstaff and wearing a +0 robe (severely wounded, 53% to hit)
The iron shot misses Jorgrun.
Jorgrun gestures at you while chanting. The iron shot hits you!!!
Ouch! That really hurt!
You die...

$$$......##....#
#.........#....#
..............##
.......>.......#
........#...#.#
...g)........####
............g##.##
..#..#..........#
... ##..[...@.## .
#........##
##......#.##
#..........#
##...#....##
##.###.### ### ###


You could see Jorgrun.

Levels and vault maps discovered:
D:1:      eino_arrival_cavern_d, layout_basic,
          shapermc_ecumenical_altar_notcrosses, minivault_25
D:2:      layout_loops_cross, uniq_robin
D:3:      layout_basic, nicolae_overflow_crystal_walls,
          nicolae_hepliaklqana_hippocampus, biasface_ghost_orc_armoury,
          kennysheep_cross_room
D:4:      layout_loops_cross, lemuel_blue_sif_altar
D:5:      layout_basic, lemuel_tele_altar, nicolae_dithmenos_the_darkroom,
          nicolae_qazlal_general_emergency, minmay_temple_entry_junction,
          gup_sewer_entry_glass, chequers_garden, guppyfry_shop_venom
D:6:      layout_basic, corexii_leaking_fountain
D:7:      layout_basic, kennysheep_slug_shrine, vehumet_statue,
          uniq_prince_ribbit1
D:8:      minmay_chambers_of_fours, layout_basic, kennysheep_mini
D:9:      layout_basic, lair_entry_dummy
D:10:     layout_basic, trog_hazing_becter, minmay_overflow_temple_star_quad,
          minmay_misc_feat_diagonals
D:11:     layout_gridville, serial_glass, glass_columns_a, glass_columns_c,
          glass_columns_a, glass_columns_c, glass_columns_a, glass_columns_c,
          minmay_lizard_king
D:12:     layout_basic, david_orc_2, enter_bailey_5
Lair:1:   layout_misc_corridors, serial_bayou_lagoon_a, tgw_fedhas,
          minmay_lair_oklob_chamber, infiniplex_staircase_pool_2,
          lemuel_fruit_tree
Lair:2:   layout_roguey, minmay_stone_trees_medium, minivault_26,
          grunt_megastairs_2, infiniplex_staircase_pool
Lair:3:   layout_chaotic_city
Lair:4:   layout_hall_layers, minmay_shoals_entry_centaurs,
          minmay_snake_entry_guardpost_small, uniq_nessos
Lair:5:   layout_regular_city, slime_altar_1, serial_bayou_pond_a
Lair:6:   grunt_lair_end_beastmaster, layout_big_grid, serial_bayou_shore_a,
          serial_bayou_shore_b
Orc:1:    layout_caves, serial_shops, nicolae_shop_statue_plus, shop,
          nicolae_shop_overgrown_old_shop, shop_coins, shop, uniq_jorgrun

Notes
Turn   | Place    | Note
-------+----------+-------------------------------------------
     0 | D:1      | ABBCCCDDDD the Octopode Necromancer began the quest for the
                  | Orb.
     0 | D:1      | Reached XP level 1. HP: 11/11 MP: 3/3
   125 | D:1      | Reached skill level 1 in Fighting
   473 | D:1      | Reached XP level 2. HP: 17/18 MP: 5/5
   606 | D:1      | Found a faded altar of an unknown god.
   690 | D:1      | You fall into a shaft and drop 1 floor!
   789 | D:1      | Reached skill level 1 in Unarmed Combat
  1214 | D:2      | Reached XP level 3. HP: 16/24 MP: 6/6
  1315 | D:2      | Noticed Robin
  2424 | D:2      | Reached XP level 4. HP: 20/30 MP: 7/7
  3421 | D:1      | Killed Robin
  3709 | D:3      | Noticed an ogre
  4089 | D:3      | Found a hide-covered altar of Uskayaw.
  4119 | D:4      | Reached skill level 1 in Short Blades
  4119 | D:4      | Reached XP level 5. HP: 29/36 MP: 8/8
  4343 | D:4      | Found a shimmering blue altar of Sif Muna.
  4602 | D:4      | Reached skill level 5 in Stealth
  4602 | D:4      | Reached XP level 6. HP: 42/42 MP: 9/9
  6001 | D:3      | Found a hazy altar of Hepliaklqana.
  6067 | D:3      | Found a runed translucent gate.
  6209 | D:5      | Entered Level 5 of the Dungeon
  6297 | D:4      | Became a worshipper of Sif Muna the Loreminder
  6357 | D:5      | Found a stormy altar of Qazlal.
  6426 | D:5      | Reached XP level 7. HP: 49/49 MP: 10/10
  6435 | D:5      | Found a staircase to the Ecumenical Temple.
  6469 | D:5      | Reached skill level 5 in Fighting
  6543 | D:5      | Found a shadowy altar of Dithmenos.
  6554 | D:5      | Identified the +0 buckler of Fuiwk {Drain MP+9 Slay+4}
  6594 | D:5      | Found a glowing drain.
  6627 | Sewer    | Entered a sewer
  6704 | Sewer    | Reached skill level 1 in Shields
  6841 | Sewer    | Reached * piety under Sif Muna
  7351 | D:5      | Found Yquschimi's Serpentskin Sales.
  7626 | D:5      | Reached XP level 8. HP: 50/57 MP: 11/11
  7722 | D:5      | Found a sparkling altar of Nemelex Xobeh.
  8083 | D:6      | Noticed a troll
  8587 | D:7      | Noticed Prince Ribbit
  9035 | D:6      | Reached skill level 1 in Evocations
  9229 | D:7      | Killed Prince Ribbit
  9230 | D:7      | Reached XP level 9. HP: 61/64 MP: 12/12
  9429 | D:7      | Learned a level 3 spell: Stone Arrow
  9461 | D:7      | Found a radiant altar of Vehumet.
  9733 | D:8      | Reached skill level 1 in Conjurations
  9733 | D:8      | Reached skill level 1 in Earth Magic
  9893 | D:8      | Found a white marble altar of Elyvilon.
 10015 | D:8      | Noticed a troll
 10881 | D:9      | Reached skill level 2 in Earth Magic
 10908 | D:9      | Reached ** piety under Sif Muna
 11011 | D:9      | Reached skill level 3 in Earth Magic
 11011 | D:9      | Reached skill level 5 in Evocations
 11044 | D:9      | Noticed a two-headed ogre
 11106 | D:9      | Found a staircase to the Lair.
 11141 | D:9      | Noticed an efreet
 11427 | D:5      | Killed a troll
 11428 | D:5      | Reached XP level 10. HP: 71/71 MP: 14/14
 11507 | D:3      | Reached skill level 4 in Earth Magic
 11711 | D:3      | Found a runed translucent gate.
 11712 | D:3      | Found a runed translucent gate.
 11712 | D:3      | Identified the +6 hunting sling of Intuition {vorpal, rPois
                  | rC- Will+++ Str+3}
 11716 | D:3      | Noticed sobakacece's ghost (weakling MiFi)
 12442 | D:8      | Reached skill level 5 in Conjurations
 12442 | D:8      | Reached skill level 5 in Earth Magic
 12891 | D:10     | Entered Level 10 of the Dungeon
 12891 | D:10     | Noticed a two-headed ogre
 13188 | D:9      | Reached skill level 6 in Earth Magic
 13427 | D:10     | Reached *** piety under Sif Muna
 13620 | D:10     | Found a bloodstained altar of Trog.
 13813 | D:10     | Reached skill level 7 in Earth Magic
 13841 | D:10     | Reached XP level 11. HP: 59/75 MP: 0/15
 14207 | D:10     | Found a glowing silver altar of Zin.
 14212 | D:10     | Found a blossoming altar of Fedhas.
 14221 | D:10     | Found a basalt altar of Yredelemnul.
 14356 | D:10     | Killed a two-headed ogre
 14357 | D:10     | Reached skill level 8 in Earth Magic
 14541 | D:11     | Noticed a two-headed ogre
 14546 | D:11     | Killed a two-headed ogre
 15477 | D:11     | Reached skill level 9 in Earth Magic
 15668 | D:11     | Noticed a two-headed ogre
 15674 | D:11     | Killed a two-headed ogre
 15686 | D:11     | Reached **** piety under Sif Muna
 15920 | D:12     | Noticed a brown ugly thing
 15924 | D:12     | Noticed a five-headed hydra
 16032 | Lair:1   | Entered Level 1 of the Lair of Beasts
 16058 | Lair:1   | Learned a level 5 spell: Bolt of Magma
 16126 | Lair:1   | Noticed a four-headed hydra
 16134 | Lair:1   | Reached skill level 1 in Fire Magic
 16160 | Lair:1   | Killed a four-headed hydra
 16493 | Lair:1   | Noticed an oklob plant
 16575 | Lair:1   | Reached XP level 12. HP: 81/81 MP: 17/17
 16690 | Lair:1   | Found a blossoming altar of Fedhas.
 17079 | Lair:2   | Reached skill level 10 in Conjurations
 17079 | Lair:2   | Reached skill level 10 in Earth Magic
 17432 | Lair:2   | Reached skill level 5 in Spellcasting
 17773 | Lair:2   | Reached skill level 5 in Fire Magic
 18326 | Lair:3   | Noticed a boulder beetle
 18353 | Lair:2   | Killed a boulder beetle
 18443 | Lair:3   | Reached skill level 11 in Earth Magic
 18803 | Lair:3   | Noticed a six-headed hydra
 18811 | Lair:3   | Killed a six-headed hydra
 18987 | Lair:3   | Reached ***** piety under Sif Muna
 19413 | Lair:4   | Reached skill level 12 in Earth Magic
 19566 | Lair:4   | Reached XP level 13. HP: 86/86 MP: 20/20
 19676 | Lair:4   | Found a staircase to the Snake Pit.
 20087 | Lair:4   | Found a staircase to the Shoals.
 20833 | Lair:4   | Received a gift from Sif Muna
 20834 | Lair:4   | Got Pizairer's Incunabulum of Lightness and Conjuration
                  | {god gift}
 20926 | Lair:4   | Learned a level 6 spell: Iron Shot
 20956 | Lair:4   | Noticed Nessos
 21735 | Lair:5   | Found a staircase to the Slime Pits.
 21742 | Lair:5   | Found a viscous altar of Jiyva.
 22440 | Lair:6   | Entered Level 6 of the Lair of Beasts
 23314 | Lair:6   | Got the Tome of Suicidal Tendencies
 23331 | Lair:6   | Identified 2 scrolls of acquirement
 23335 | Lair:6   | Acquired 1143 gold pieces
 23337 | Lair:6   | Acquired a +0 kite shield of resistance
 24046 | Lair:6   | Reached XP level 14. HP: 98/98 MP: 13/25
 24387 | Lair:6   | Reached skill level 10 in Fighting
 24602 | Lair:6   | Reached skill level 5 in Shields
 25082 | D:9      | Reached skill level 13 in Earth Magic
 26865 | D:12     | Found a staircase to the Orcish Mines.
 27121 | D:12     | Received a gift from Sif Muna
 27185 | D:12     | Got Sif Muna's Volume of Curses and Air {god gift}
 27708 | Orc:1    | Entered Level 1 of the Orcish Mines
 27727 | Orc:1    | Noticed Jorgrun
 27728 | Orc:1    | Found Wuur's Jewellery Shop.
 27813 | Orc:1    | Killed from afar by Jorgrun

Table legend: (Time is in decaauts)
 A = Elapsed time spent in this place.
 B = Non-inter-level travel time spent in this place.
 C = Inter-level travel time spent in this place.
 D = Time resting spent in this place.
 E = Time spent auto-exploring this place.
 F = Levels seen in this place.
 G = Mean time per level.
                   A        B        C        D        E       F      G
               +--------+--------+--------+--------+--------+-----+--------+
         Total |  27787 |  25888 |   1899 |   9434 |  10400 |  20 | 1389.3 |
       Dungeon |  18211 |  16603 |   1608 |   5884 |   6368 |  12 | 1517.6 |
          Lair |   9018 |   8727 |    291 |   3503 |   3846 |   6 | 1503.0 |
  Orcish Mines |     34 |     34 |      0 |      0 |     15 |   1 |   34.0 |
         Sewer |    523 |    523 |      0 |     47 |    171 |   1 |  523.0 |
               +--------+--------+--------+--------+--------+-----+--------+

Top non-repeatable levels by time:
    D:12: 2394 daAuts
     D:1: 2330 daAuts
  Lair:6: 2291 daAuts
     D:4: 1823 daAuts
  Lair:4: 1738 daAuts
     D:8: 1681 daAuts
    D:10: 1599 daAuts
  Lair:5: 1556 daAuts
     D:2: 1514 daAuts
  Lair:2: 1419 daAuts
     D:5: 1383 daAuts
     D:9: 1354 daAuts
    D:11: 1276 daAuts
     D:3: 1225 daAuts
     D:6: 1086 daAuts

Table legend:
 A = Kills in this place as a percentage of kills in entire the game.
 B = Kills by you in this place as a percentage of kills by you in the entire game.
 C = Kills by friends in this place as a percentage of kills by friends in the entire game.
 D = Other kills in this place as a percentage of other kills in the entire game.
 E = Experience gained in this place as a percentage of experience gained in the entire game.
 F = Experience gained in this place divided by the number of levels of this place that you have seen.
                   A       B       C       D       E      F
               +-------+-------+-------+-------+-------+----------------------
         Total | 100.0 | 100.0 |   N/A |   N/A | 100.0 | 3606.8
       Dungeon |  57.6 |  57.6 |   N/A |   N/A |  32.6 | 1959.6
          Lair |  36.3 |  36.3 |   N/A |   N/A |  65.7 | 7903.8
  Orcish Mines |   0.5 |   0.5 |   N/A |   N/A |   1.6 | 1143.0
         Sewer |   5.6 |   5.6 |   N/A |   N/A |   0.1 |  54.0
               +-------+-------+-------+-------+-------+----------------------

Action                   |  1- 3 |  4- 6 |  7- 9 | 10-12 | 13-15 || total
-------------------------+-------+-------+-------+-------+-------++-------
Melee: Whip              |    27 |       |       |       |       ||    27
       Unarmed           |     8 |       |       |       |       ||     8
       Constrict         |    22 |    23 |    49 |    30 |     2 ||   126
       Tentacles         |     9 |    11 |    40 |    35 |     9 ||   104
       Dagger            |    55 |   107 |   211 |   193 |    34 ||   600
       Punch             |       |     2 |     1 |     3 |       ||     6
Throw: Stone             |     2 |     8 |       |       |       ||    10
       Dart              |       |    11 |    21 |    56 |    27 ||   115
 Cast: Pain              |     5 |       |       |       |       ||     5
       Stone Arrow       |       |       |       |   148 |   145 ||   293
       Bolt of Magma     |       |       |       |       |   110 ||   110
       Iron Shot         |       |       |       |       |     4 ||     4
Evoke: Wand              |       |       |     5 |    40 |     7 ||    52
  Use: Scroll            |       |       |    14 |     8 |     6 ||    28
       Potion            |       |       |     2 |       |       ||     2
 Stab: Sleeping          |    12 |    10 |    21 |    15 |     1 ||    59
       Distracted        |       |       |     2 |       |       ||     2
       Paralysed         |       |       |       |     2 |       ||     2
Armor: Skin              |     6 |     3 |    10 |    18 |     3 ||    40
Dodge: Dodged            |    48 |    42 |    92 |    94 |    47 ||   323
Block: Other             |       |     7 |       |       |       ||     7
       Buckler           |       |       |    46 |    33 |    10 ||    89

Vanquished Creatures
  4 hydras
  A boulder beetle (Lair:2)
  A catoblepas (Lair:6)
  4 two-headed ogres
  A deep troll shaman (Lair:6)
  6 death yaks (Lair:6)
  A fire crab (Lair:5)
  A lindwurm (Lair:6)
  An ugly thing (D:12)
  2 orc sorcerers (Orc:1)
  2 deep elf pyromancers (D:12)
  A cyclops (D:12)
  3 black mambas
  A torpor snail (Lair:6)
  14 cane toads
  11 elephants
  A gargoyle (D:12)
  An efreet (D:9)
  A rime drake (Lair:1)
  8 komodo dragons
  2 polar bears (Lair:4)
  6 trolls
  A hornet (D:8)
  Prince Ribbit (D:7)
  10 blink frogs
  8 slime creatures
  11 dream sheep
  A shadow (D:9)
  A wraith (D:11)
  44 yaks
  3 wyverns
  4 basilisks
  4 nagas (Lair:4)
  2 acid dragons
  18 water moccasins
  2 black bears (Lair:6)
  7 orc warriors
  A sky beast (D:6)
  A necrophage (D:7)
  14 centaurs
  2 ogres
  9 wolves
  16 bullfrogs
  4 scorpions
  A wyvern zombie (D:6)
  A wyvern skeleton (D:7)
  A water moccasin zombie (D:6)
  A water moccasin skeleton (D:6)
  9 wights
  3 electric eels
  2 jellies
  8 howler monkeys
  2 centaur zombies
  4 hounds
  2 gnoll shamans
  2 orc priests
  2 bullfrog skeletons
  5 iguanas
  9 orc wizards
  A killer bee zombie (D:7)
  Robin (D:1)
  3 gnolls
  9 adders
  2 shadow imps
  A white imp (D:4)
  An ufetubus (D:5)
  An adder skeleton (D:4)
  6 worms
  4 dart slugs
  20 orcs
  10 ball pythons
  9 endoplasms
  8 giant cockroaches
  21 goblins
  12 hobgoblins
  4 jackals (Sewer)
  6 quokkas
  10 bats
  11 frilled lizards
  13 kobolds
  A rat (D:3)
443 creatures vanquished.

Vanquished Creatures (others)
  28 fungi
  66 plants
  16 toadstools (Lair:1)
110 creatures vanquished.

Grand Total: 553 creatures vanquished
